AoeStats
← NuMa | Gacha

MegaRandom

508762770Analyzed
2v2 RM · 10d ago on Sep 23, 2026· 64m 5s· 4 players
Game mode
Random Map
Map size
Medium (4 player)
Population
200
Speed
Normal
Resources
Standard
Victory
Conquest
Starting age
Dark Age
Ending age
Imperial Age
RankedLock teamsTeams togetherTeam positionsShared explorationLock speedFull tech treeHidden civsTurbo modeCheats
Victory
Defeat
🇺🇸 Portuguese · United States
1054
+15
🇪🇸 Mongols · Spain
1042
+15
🇨🇴 Italians · Colombia
1100
-18
🇨🇴 Teutons · Colombia
943
-12
NuMa | Gacha
6:40 Loom
9:45 Feudal Age
10:25 Double-Bit Axe
18:34 Wheelbarrow
18:12 Fletching
22:52 Castle Age
21:33 Gold Mining
22:50 Bloodlines
22:57 Crossbowman
24:03 Padded Archer Armor
24:19 Bodkin Arrow
33:16 Ballistics
33:46 Hand Cart
33:40 Husbandry
35:56 Stone Mining
38:47 Leather Archer Armor
40:43 Stone Shaft Mining
44:56 Imperial Age
45:07 Murder Holes
45:21 Elite Genoese Crossbowman
47:27 Thumb Ring
48:26 Chemistry
47:49 Bracer
48:20 Ring Archer Armor
50:10 Conscription
52:10 Town Watch
54:13 Bombard Tower
59:46 Scale Mail Armor
59:56 Forging
61:07 Light Cavalry
61:57 Scale Barding Armor
62:28 Iron Casting
62:20 Hussar
winter991
7:26 Loom
12:01 Feudal Age
14:17 Wheelbarrow
19:55 Castle Age
18:06 Double-Bit Axe
18:03 Horse Collar
20:44 Pikeman
21:49 Squires
26:28 Bow Saw
27:14 Heavy Plow
31:03 Gold Mining
31:06 Stone Mining
31:42 Fletching
33:40 Stone Shaft Mining
33:26 Bodkin Arrow
33:06 Elite Skirmisher
35:19 Hand Cart
38:42 Imperial Age
36:37 Padded Archer Armor
36:41 Town Watch
38:15 Bloodlines
38:55 Leather Archer Armor
39:20 Cavalier
41:52 Conscription
42:25 Town Patrol
45:31 Chemistry
44:51 Ballistics
46:09 Ring Archer Armor
48:11 Two-Man Saw
48:52 Paladin
51:59 Forging
52:30 Guard Tower
57:59 Keep
58:05 Scale Barding Armor
58:36 Iron Casting
60:05 Guilds
59:56 Caravan
60:28 Coinage
Poopass
4:27 Loom
12:03 Feudal Age
12:10 Man-at-Arms
14:08 Double-Bit Axe
14:24 Arson
15:35 Forging
16:22 Horse Collar
20:07 Padded Archer Armor
24:48 Castle Age
23:46 Fletching
24:04 Stone Mining
24:12 Gold Mining
26:54 Elite Skirmisher
27:38 Pikeman
31:04 Heavy Plow
32:15 Bow Saw
35:41 Town Watch
36:58 Wheelbarrow
36:56 Bodkin Arrow
38:11 Crossbowman
40:06 Leather Archer Armor
40:56 Husbandry
41:06 Bloodlines
41:21 Thumb Ring
42:15 Ballistics
43:03 Stone Shaft Mining
45:57 Masonry
46:10 Hand Cart
48:49 Imperial Age
47:42 Town Patrol
47:51 Scale Barding Armor
48:22 Iron Casting
48:49 Arbalester
48:54 Cavalier
50:44 Two-Man Saw
50:18 Crop Rotation
51:22 Bracer
51:52 Ring Archer Armor
52:13 Caravan
54:00 Guilds
53:12 Halberdier
59:35 Chemistry
58:47 Fortified Wall
58:32 Murder Holes
59:15 Architecture
63:01 Fervor
63:39 Siege Engineers
63:15 Treadmill Crane
64:00 Chain Barding Armor
64:40 Blast Furnace
Kikips93
7:22 Loom
9:34 Feudal Age
12:12 Forging
12:11 Double-Bit Axe
15:14 Fletching
15:40 Horse Collar
19:46 Gold Mining
24:09 Castle Age
25:04 Bodkin Arrow
25:47 Iron Casting
25:17 Scale Barding Armor
28:30 Husbandry
28:40 Bloodlines
29:42 Ballistics
29:46 Chain Barding Armor
31:20 Thumb Ring
33:54 Wheelbarrow
38:34 Padded Archer Armor
39:29 Hand Cart
41:47 Imperial Age
39:52 Light Cavalry
41:39 Bow Saw
41:31 Heavy Plow
41:25 Stone Mining
42:10 Gold Shaft Mining
42:54 Conscription
44:55 Leather Archer Armor
44:42 Bracer
45:51 Elite Mangudai
46:52 Drill
48:26 Chemistry
48:28 Blast Furnace
47:40 Hussar
54:57 Capped Ram
Connection lost

Rejoining the realm…

Still unreachable

The connection could not be restored.

Session expired

The server has moved on; the page needs a fresh start.